 Dungeon Crawl Stone Soup version 0.30.0-5-g1a98f26d00 (webtiles) character file.

Game seed: 10879976404659510287

974 Jarnaxa the Slasher (level 8, 0/62 HPs)
             Began as a Human Fighter on May 8, 2023.
             Slain by Prince Ribbit (5 damage)
             ... on level 5 of the Dungeon.
             The game lasted 00:11:29 (4694 turns).

Jarnaxa the Slasher (Human Fighter)                 Turns: 4694, Time: 00:11:30

Health: 0/62       AC: 15    Str: 18    XL:     8   Next: 39%
Magic:  0/8        EV: 11    Int:  8    God:
Gold:   214        SH:  5    Dex: 14    Spells: 7/7 levels left

rFire   . . .        a - +0 long sword
rCold   . . .        c - +0 buckler
rNeg    . . .        d - +0 plate armour
rPois   .            (no helmet)
rElec   .            (no cloak)
rCorr   .            s - +2 pair of gloves
SInv    .            (no boots)
Will    .....        f - amulet of guardian spirit Stlth
                     h - +5 ring of evasion
HPRegen 0.30/turn    (no ring)
MPRegen 0.11/turn

%: guardian spirit
@: studying Fighting
A: no striking features
a: no special abilities


You were on level 5 of the Dungeon.
You visited 1 branch of the dungeon, and saw 5 of its levels.

You collected 214 gold pieces.

Inventory:

Hand Weapons
 a - a +0 long sword (weapon)
Armour
 b - a +0 scale mail
 c - a +0 buckler (worn)
 d - a +0 plate armour (worn)
 s - a +2 pair of gloves (worn)
Jewellery
 f - an amulet of guardian spirit (around neck)
 h - a +5 ring of evasion (left hand)
Wands
 r - a wand of charming (7)
Scrolls
 l - a scroll of teleportation
Potions
 e - a potion of berserk rage
 i - a potion of heal wounds {unknown}
 j - 2 potions of flight
 k - a potion of cancellation {unknown}
 m - 2 potions of ambrosia
 n - a potion of attraction {unknown}
 o - 2 potions of resistance
 p - a potion of brilliance {unknown}
 q - a potion of mutation


   Skills:
 + Level 5.1 Fighting
 + Level 6.1 Long Blades
 + Level 4.8 Armour
 + Level 2.9 Dodging
 + Level 0.6 Stealth
 + Level 4.5 Shields


You had 7 spell levels left.
You didn't know any spells.
Your spell library contained the following spells:

 Spells                   Type           Power      Damage    Failure   Level
 Magic Dart               Conj           0%         1d3       100%        1
 Searing Ray              Conj           0%         2d4       100%        2
 Sublimation of Blood     Necr           0%         N/A       100%        2
 Wereblood                Tmut           0%         N/A       100%        2
 Fulminant Prism          Conj/Hex       0%         3d5       100%        4
 Summon Hydra             Summ           0%         N/A       100%        7


Dungeon Overview and Level Annotations

Branches:
Dungeon (5/15)
 Temple: D:4-7

Altars:

Shops:
D:1 :   D:3 (

Annotations:
D:5 Prince Ribbit


Message History

Prince Ribbit is moderately wounded.
Prince Ribbit hits you but does no damage.
Prince Ribbit misses you.
You miss Prince Ribbit.
Prince Ribbit is moderately wounded.
Prince Ribbit blinks!
You start resting.
Prince Ribbit is nearby!
Prince Ribbit hits you!
* * * LOW HITPOINT WARNING * * *
You slash Prince Ribbit!
Prince Ribbit is heavily wounded.
Prince Ribbit barely misses you.
Prince Ribbit hops awkwardly around.
Prince Ribbit hits you but does no damage.
You slash Prince Ribbit!
Prince Ribbit is severely wounded.
Prince Ribbit closely misses you.
You barely miss Prince Ribbit.
Prince Ribbit is severely wounded.
Prince Ribbit hits you.
* * * LOW HITPOINT WARNING * * *
Prince Ribbit blinks!
Prince Ribbit blinks!
You start resting.
Prince Ribbit is nearby!
You closely miss Prince Ribbit.
Prince Ribbit is heavily wounded.
Prince Ribbit hits you but does no damage. x2
You hit Prince Ribbit.
Prince Ribbit is severely wounded.
You block Prince Ribbit's attack.
You miss Prince Ribbit.
Prince Ribbit is severely wounded.
Prince Ribbit closely misses you. Prince Ribbit hits you!
* * * LOW HITPOINT WARNING * * *
You hit Prince Ribbit.
Prince Ribbit is severely wounded.
Prince Ribbit completely misses you. Prince Ribbit hits you!
You die...

........##.#
#...##.###†##.#
#... #.# #.##.#
#...##.###.##.#
.....§>....##.#
........#####.#
.<........# #.#
#...#...#.###.#
#.. #....!.F@.#
#...#..##.#####
..(.....)..#
############


You could see Prince Ribbit.

Vanquished Creatures
  An ogre (D:4)
  A centaur (D:5)
  A phantom (D:4)
  A kobold brigand (D:4)
  2 scorpions (D:5)
  A vampire bat (D:3)
  3 hounds
  An orc priest (D:3)
  A gnoll bouda (D:4)
  2 orc wizards
  8 adders
  4 gnolls (D:4)
  2 worms (D:3)
  2 dart slugs
  3 fire bats (D:3)
  12 orcs
  2 spectral bats (D:3)
  3 bat skeletons (D:3)
  A bat zombie (D:3)
  6 endoplasms
  7 giant cockroaches
  4 goblins
  5 hobgoblins
  7 jackals
  A quokka (D:3)
  8 ball pythons
  14 bats
  A bat simulacrum (D:3)
  3 frilled lizards (D:1)
  6 kobolds
  9 rats
122 creatures vanquished.

Vanquished Creatures (others)
  An orc wizard (D:3)
1 creature vanquished.

Grand Total: 123 creatures vanquished

Notes
Turn   | Place    | Note
-------+----------+-------------------------------------------
     0 | D:1      | Jarnaxa the Human Fighter began the quest for the Orb.
     0 | D:1      | Reached XP level 1. HP: 18/18 MP: 1/1
   112 | D:1      | Reached XP level 2. HP: 11/24 MP: 2/2
   319 | D:1      | Found Emmesh's Book Shoppe.
   364 | D:1      | Found a faded altar of an unknown god.
   583 | D:1      | Reached XP level 3. HP: 29/29 MP: 3/3
  1091 | D:2      | Reached XP level 4. HP: 35/35 MP: 4/4
  1177 | D:2      | Reached skill level 3 in Long Blades
  1646 | D:2      | Identified a scroll of acquirement
  1646 | D:2      | Acquired a manual of Fighting
  1711 | D:3      | Reached skill level 1 in Dodging
  1755 | D:3      | Reached XP level 5. HP: 36/41 MP: 5/5
  2121 | D:3      | Reached skill level 4 in Long Blades
  2123 | D:3      | Reached XP level 6. HP: 48/48 MP: 6/6
  2725 | D:3      | Found Noux's Antique Weapon Emporium.
  3033 | D:4      | Reached XP level 7. HP: 52/54 MP: 5/7
  3139 | D:4      | Reached skill level 5 in Long Blades
  4048 | D:5      | Entered Level 5 of the Dungeon
  4083 | D:5      | Reached XP level 8. HP: 8/61 MP: 2/8
  4085 | D:5      | HP: 3/61 [poisoned by a scorpion]
  4613 | D:5      | Noticed Prince Ribbit
  4633 | D:5      | HP: 3/61 [poisoned by a scorpion]
  4634 | D:5      | Reached skill level 5 in Fighting
  4634 | D:5      | Reached skill level 6 in Long Blades
  4694 | D:5      | Slain by Prince Ribbit

Illustrated notes

Levels and vault maps discovered:
D:1:      saegor_arrival_simple_c, layout_loops_ring,
          chequers_ecumenical_altar_simple_redux, serial_shops,
          nicolae_shop_hallway_stairs
D:2:      layout_loops_cross, kennysheep_doodads
D:3:      minmay_door_path, layout_loops_ring, serial_shops,
          nicolae_shop_statue_plus, goddamned_bats
D:4:      layout_loops_ring
D:5:      layout_loops_ring, minitemple, uniq_prince_ribbit1

Skill      XL: |  1  2  3  4  5  6  7  8 |
---------------+-------------------------+-----
Long Blades    | 3 4 5 6 |  6.1
Dodging        | 1 2 |  2.9
Fighting       | 4 5 |  5.1
Armour         | 4 |  4.8
Shields        | 4 |  4.5
Stealth        | |  0.6

Action                     |  1- 3 |  4- 6 |  7- 9 || total
---------------------------+-------+-------+-------++-------
  Melee: Long sword        |   115 |   267 |   151 ||   533
    Use: Scroll            |       |     9 |     5 ||    14
         Potion            |       |       |     4 ||     4
 Armour: Scale mail        |    49 |   183 |    47 ||   279
         Plate armour      |       |       |    40 ||    40
  Dodge: Dodged            |    95 |   388 |   205 ||   688
  Block: Buckler           |    27 |   115 |    53 ||   195
